AoeStats
← Robert Hatemo

Arabia

510366655Analyzed
1v1 RM · 22h ago on Sep 30, 2026· 41m 37s· 2 players
Game mode
Random Map
Map size
Tiny (2 player)
Population
200
Speed
Normal
Resources
Standard
Victory
Conquest
Starting age
Dark Age
Ending age
Imperial Age
RankedLock teamsTeams togetherTeam positionsShared explorationLock speedFull tech treeHidden civsTurbo modeCheats
Victory
Defeat
🇩🇪 Italians · Germany
1167
+16
🇹🇷 Bengalis · Türkiye
1174
-16
DerFruitDude
6:52 Loom
9:18 Feudal Age
10:15 Double-Bit Axe
11:22 Town Watch
14:05 Fletching
21:21 Castle Age
21:19 Padded Archer Armor
21:47 Bloodlines
22:34 Bodkin Arrow
23:07 Scale Mail Armor
23:14 Scale Barding Armor
23:13 Husbandry
25:43 Leather Archer Armor
27:42 Elite Skirmisher
28:49 Horse Collar
29:17 Stone Mining
32:27 Ballistics
32:29 Chain Barding Armor
33:40 Bow Saw
34:15 Husbandry
36:47 Wheelbarrow
41:15 Imperial Age
39:01 Hand Cart
38:47 Light Cavalry
41:50 Thumb Ring
42:00 Bracer
42:36 Plate Barding Armor
Robert Hatemo
6:13 Loom
10:45 Feudal Age
14:59 Wheelbarrow
16:42 Castle Age
15:13 Double-Bit Axe
18:13 Fletching
23:47 Padded Archer Armor
25:51 Bodkin Arrow
33:14 Leather Archer Armor
40:48 Wheelbarrow
Connection lost

Rejoining the realm…

Still unreachable

The connection could not be restored.

Session expired

The server has moved on; the page needs a fresh start.